 Dungeon Crawl Stone Soup version 0.32-a0-42-ga30500b4d3 (webtiles) character file.

Game seed: 17771857648570831209

21 Atlas the Firebug (level 2, -3/19 HPs)
             Began as a Demonspawn Fire Elementalist on Jan 26, 2024.
             Killed by nerve-wracking pain
             ... invoked by Jessica
              (9 damage)
             ... on level 2 of the Dungeon.
             The game lasted 00:00:55 (1009 turns).

Atlas the Firebug (Demonspawn Fire Elementalist)    Turns: 1009, Time: 00:00:56

Health: -3/19      AC:  2    Str:  8    XL:     2   Next: 65%
Magic:  4/5        EV: 12    Int: 15    God:
Gold:   29         SH:  0    Dex: 13    Spells: 4/5 levels left

rFire   . . .        (no weapon)
rCold   . . .        (no shield)
rNeg    . . .        a - +0 robe
rPois   .            (no helmet)
rElec   .            (no cloak)
rCorr   .            (no gloves)
SInv    +            (no boots)
Will    .....        (no amulet)
Stlth   ++           d - ring of see invisible
HPRegen 0.23/turn    (no ring)
MPRegen 0.18/turn

%: no passive effects
@: no status effects
A: magic regeneration
a: no special abilities


You were on level 2 of the Dungeon.
You visited 1 branch of the dungeon, and saw 2 of its levels.

You collected 29 gold pieces.

Inventory:

Armour
 a - a +0 robe (worn)
Jewellery
 d - a ring of see invisible (left hand)
 f - an amulet of the acrobat
Scrolls
 c - a scroll of fog {unknown}
 g - a scroll of amnesia {unknown}
 i - a scroll of identify {unknown}
 j - a scroll of noise {unknown}
Potions
 b - a potion of magic
 e - a potion of invisibility {unknown}
 h - a potion of curing {unknown}
 k - a potion of heal wounds {unknown}


   Skills:
 + Level 2.0 Dodging
 + Level 2.0 Stealth
 + Level 2.1 Spellcasting
 + Level 1.6 Conjurations
 + Level 3.0 Fire Magic


You had 4 spell levels left.
You knew the following spells:

 Your Spells              Type           Power      Damage    Failure   Level
a - Foxfire               Conj/Fire      32%        2x1d5     9%          1

Your spell library contained the following spells:

 Spells                   Type           Power      Damage    Failure   Level
 Scorch                   Fire           20%        2d5       10%         2
 Inner Flame              Hex/Fire       6%         N/A       34%         3
 Volatile Blastmotes      Fire/Tloc      12%        2d11      34%         3
 Flame Wave               Conj/Fire      8%         2d5       63%         4


Dungeon Overview and Level Annotations

Branches:
Dungeon (2/15)

Altars:

Annotations:
D:2 Jessica


Innate Abilities, Weirdness & Mutations

You regenerate magic rapidly.


Message History

You kill the hobgoblin!
You miscast Foxfire.
You are very lightly contaminated with residual magic.
Nothing appears to happen.
The foxfire hits the goblin.
The goblin is moderately wounded.
The foxfire hits the goblin.
You kill the goblin!
You are out of magic!
You are out of magic!
No target in view!
Your magical contamination has completely faded away.
There is a stone staircase leading down here.
Things that are here:
a +0 club; a goblin corpse You see here a hobgoblin corpse.
Done exploring.
Done exploring.
Done exploring.
No target in view!
There is a stone staircase leading down here.
You climb downwards.
Found four items.
There is a stone staircase leading up here.
Jessica is nearby!
Jessica is nearby!
Jessica shouts!
You conjure some foxfire!
Jessica casts a spell at you. Pain shoots through your body!
Ouch! That really hurt!
You are too injured to fight recklessly!
You are too injured to fight recklessly!
You are too injured to fight recklessly!
Unknown command.
The foxfire hits Jessica but does no damage.
The foxfire hits Jessica.
Jessica is lightly wounded.
Jessica points at you and mumbles some strange words.
Pain shoots through your body!
You die...

### ..# ###?#
#.#.#
..##.#.@§#.##.#
.......§§.......
.........#!.?..#
.......@.#.....#
.........+ ....#
.........# .....
.......(.. ...#
########.. ###.
...


You could see Jessica.

Vanquished Creatures
  3 endoplasms (D:1)
  2 giant cockroaches (D:1)
  2 hobgoblins (D:1)
  A quokka (D:1)
  2 ball pythons (D:1)
  2 goblins (D:1)
  4 kobolds (D:1)
  4 rats (D:1)
20 creatures vanquished.

Vanquished Creatures (others)
  87 foxfires
87 creatures vanquished.

Grand Total: 107 creatures vanquished

Notes
Turn   | Place    | Note
-------+----------+-------------------------------------------
     0 | D:1      | Atlas the Demonspawn Fire Elementalist began the quest for
                  | the Orb.
     0 | D:1      | Reached XP level 1. HP: 13/13 MP: 3/3
   308 | D:1      | Gained mutation: You regenerate magic rapidly. [demonic
                  | ancestry]
   308 | D:1      | Reached XP level 2. HP: 19/19 MP: 0/5
   826 | D:1      | Reached skill level 3 in Fire Magic
  1006 | D:2      | Noticed Jessica
  1009 | D:2      | Killed from afar by Jessica

Illustrated notes

Levels and vault maps discovered:
D:1:      sevenhm_arrival_forest_fort_small_4, layout_basic, serial_park_tiny_2,
          minmay_strange_pillars
D:2:      layout_basic, shapermc_ecumenical_altar_ellora, basic_altar,
          nicolae_shop_vocational, uniq_jessica

Skill      XL: |  1  2 |
---------------+-------+-----
Stealth        | 2 |  2.0
Dodging        | 2 |  2.0
Fire Magic     | 3 |  3.0
Spellcasting   | |  2.1
Conjurations   | |  1.6

Action                     || total
---------------------------++-------
  Melee: Unarmed           ||     9
   Cast: Foxfire           ||    49
 Armour: Robe              ||     5
  Dodge: Dodged            ||     3

Table legend: (Time is in decaauts)
 A = Elapsed time spent in this place.
 B = Non-inter-level travel time spent in this place.
 C = Inter-level travel time spent in this place.
 D = Time resting spent in this place.
 E = Time spent auto-exploring this place.
 F = Levels seen in this place.
 G = Mean time per level.
                   A        B        C        D        E       F      G
               +--------+--------+--------+--------+--------+-----+--------+
         Total |   1008 |    986 |     22 |     26 |    831 |   2 |  504.0 |
       Dungeon |   1008 |    986 |     22 |     26 |    831 |   2 |  504.0 |
               +--------+--------+--------+--------+--------+-----+--------+

Top non-repeatable levels by time:
     D:1: 1005 daAuts
     D:2: 2 daAuts
